 Dungeon Crawl Stone Soup version 0.21.1-1-g345015f (webtiles) character file.

169 inc the Chiller (level 5, -1/31 HPs)
             Began as an Octopode Ice Elementalist on June 18, 2018.
             Was an Initiate of Gozag.
             Slain by inc's ghost (6 damage)
             ... on level 3 of the Dungeon.
             The game lasted 00:03:01 (2433 turns).

inc the Chiller (Octopode Ice Elementalist)         Turns: 2433, Time: 00:03:02

Health: -1/31      AC:  1    Str:  7    XL:     5   Next: 50%
Magic:  8/8        EV: 13    Int: 19    God:    Gozag
Gold:   130        SH:  0    Dex: 12    Spells: 7/8 levels left

rFire    . . .     SeeInvis .   h - +0 short sword (venom)
rCold    . . .     Gourm    .   (no shield)
rNeg     . . .     Faith    .   (helmet restricted)
rPois    .         Spirit   .   (no amulet)
rElec    .         Reflect  .   (no ring)
rCorr    .         Harm     .   (no ring)
MR       .....                  (no ring)
Stlth    +++.......             (no ring)
HPRegen  0.10/turn              (no ring)
MPRegen  0.11/turn              (no ring)
                                (no ring)
                                (no ring)

@: gold aura, flying, slowed, very slow
A: almost no armour, stealthy swim, amphibious, 8 rings, constrict 8, camouflage
1, gelatinous body 1
a: Potion Petition, Call Merchant, Bribe Branch, Renounce Religion


You were on level 3 of the Dungeon.
You worshipped Gozag.
Gozag was aware of your devotion.
You were not hungry.

You visited 1 branch of the dungeon, and saw 3 of its levels.

You collected 183 gold pieces.
You paid 53 gold pieces to Gozag.

Inventory:

Hand Weapons
 h - a +0 short sword of venom (weapon)
Wands
 j - a wand of random effects (34)
Scrolls
 c - a scroll of magic mapping {unknown}
 d - 2 scrolls of identify {unknown}
 e - 5 scrolls of remove curse {unknown}
 i - a scroll of random uselessness {unknown}
Potions
 f - a potion of curing
Books
 a - a book of Frost

   Spells                             Type                      Level
   a - Freeze                         Ice                          1
   b - Throw Frost                    Conjuration/Ice              2
   c - Ozocubu's Armour               Charms/Ice                   3
   d - Throw Icicle                   Conjuration/Ice              4
   e - Summon Ice Beast               Ice/Summoning                4
Comestibles
 b - a ration


   Skills:
 - Level 2.0 Dodging
 - Level 2.6 Stealth
 - Level 2.0 Spellcasting
   Level 1.0 Conjurations
 + Level 6.0 Ice Magic


You had 7 spell levels left.
You knew the following spells:

 Your Spells              Type           Power        Failure   Level  Hunger
a - Freeze                Ice            ###.         1%          1    #......


Dungeon Overview and Level Annotations

Branches:
Dungeon (3/15)

Altars:
Ashenzari
Gozag
Ru

Annotations:
D:3 inc's ghost, amateur OpIE


Innate Abilities, Weirdness & Mutations

You cannot wear most types of armour.
You are very stealthy in the water. (Stealth+)
You are amphibious.
You can wear up to eight rings at the same time.
You can use your tentacles to constrict eight enemies at once.
Your skin changes colour to match your surroundings (Stealth+).
Your rubbery body absorbs attacks. (AC +1, EV +1)


Message History

You constrict Natasha.
You kill Natasha!
Natasha screams in pain as she dies!
Your Ice Magic skill increases to level 6!
Inc's ghost hits you.
A goblin comes into view. It is wielding a club.
It was a potion of curing.
You feel better.
Inc's ghost stares at you and mumbles some strange words.
You are frozen.
It was a potion of flight.
You feel very buoyant.
You fly up into the air.
Inc's ghost hits you! Inc's ghost hits you.
Okay, then.
You hit inc's ghost but do no damage. Inc's ghost hits you.
* * * LOW HITPOINT WARNING * * *
You hit inc's ghost.
Inc's ghost is lightly damaged.
Inc's ghost hits you.
You die...
Your body crumbles into a pile of gold.

... #.# ... #.# #.# #.# #g#
######## #W# .......# ###
#@# .#####.###.## #.######
.##.##.##...## #.##...##
.#...)....#..###.#.....#
.##.##.................####
.≈.≈...#.....#............#
≈.......#...###...#...###.#
≈≈≈≈≈≈≈.##.## ##.###### #.#
≈≈≈≈≈...#### #.# #.#


You could see inc's ghost and a goblin.

Vanquished Creatures
  Ijyb (D:3)
  Natasha (twice) (D:3)
  2 gnolls
  2 adders (D:3)
  An ooze (D:2)
  A worm (D:3)
  2 dart slugs
  A leopard gecko (D:1)
  5 giant cockroaches
  3 goblins
  3 hobgoblins
  3 jackals (D:1)
  4 kobolds
  A quokka (D:2)
  7 bats
  2 frilled lizards
  A quokka skeleton (D:3)
  6 rats (D:1)
47 creatures vanquished.

Notes
Turn   | Place    | Note
-------+----------+-------------------------------------------
     0 | D:1      | inc the Octopode Ice Elementalist began the quest for the Orb.
     0 | D:1      | Reached XP level 1. HP: 11/11 MP: 3/3
   178 | D:1      | Reached XP level 2. HP: 9/17 MP: 5/5
   973 | D:1      | Reached skill level 4 in Ice Magic
  1112 | D:1      | Reached XP level 3. HP: 16/21 MP: 6/6
  1718 | D:3      | Reached XP level 4. HP: 12/27 MP: 7/7
  1896 | D:3      | Noticed Natasha
  1906 | D:3      | Killed Natasha
  1906 | D:3      | Reached skill level 5 in Ice Magic
  1932 | D:3      | Found an opulent altar of Gozag.
  1939 | D:3      | Found a sacrificial altar of Ru.
  1953 | D:3      | Became a worshipper of Gozag Ym Sagoz the Greedy
  1994 | D:3      | Found a faded altar of an unknown god.
  2020 | D:3      | Noticed Ijyb
  2028 | D:3      | Killed Ijyb
  2028 | D:3      | Reached XP level 5. HP: 22/31 MP: 8/8
  2275 | D:3      | Found a shattered altar of Ashenzari.
  2421 | D:3      | Noticed Natasha
  2425 | D:3      | Noticed inc's ghost (amateur OpIE)
  2428 | D:3      | Killed Natasha
  2428 | D:3      | Reached skill level 6 in Ice Magic
  2433 | D:3      | Slain by inc's ghost

Skill      XL: |  1  2  3  4  5 |
---------------+----------------+-----
Ice Magic      | 4 5 6 |  6.0
Dodging        | |  2.0
Stealth        | |  2.6
Spellcasting   | |  2.0
Conjurations   | |  1.0

Action                   |  1- 3 |  4- 6 || total
-------------------------+-------+-------++-------
Melee: Unarmed           |    88 |       ||    88
       Constrict         |    28 |    11 ||    39
       Tentacles         |    13 |     4 ||    17
       Short sword       |     9 |    39 ||    48
  Use: Potion            |       |     2 ||     2
 Stab: Sleeping          |    17 |     7 ||    24
  Eat: Chunk             |     2 |       ||     2
       Ration            |       |     1 ||     1
Armor: Skin              |    15 |       ||    15
Dodge: Dodged            |    68 |    12 ||    80
